Map: Ascension vers Aïur EC

Players

zidar

  • Race: Zerg Zerg
  • League: Gold
  • Spawn Location: 11:00

Cris - Winner!

  • Race: Terran Terran
  • League: Platinum
  • Spawn Location: 5:00

VOD

Have the link to the VOD?

Description

Time

  • Played on: July 8, 2017, 11:43 a.m.
  • Length: 10:24
Show
View Real Time Build Order
Export as new Build Order

zidar Zerg 

Build Orders: Pool First 

Get SALT Encoding   

  12  0:02  Drone  
  13  0:12  Overlord  
  13  0:17  Drone  
  14  0:30  Drone x2  
  14  0:34  Drone  
  17  0:46  Spawning Pool  
  17  0:49  Drone  
  17  1:11  Hatchery  
  17  1:15  Drone  
  17  1:18  Extractor  
  17  1:20  Drone  
  17  1:28  Drone  
  18  1:37  Queen  
  20  1:41  Drone  
  21  1:48  Overlord  
  21  2:12  Queen, Zergling x4  
  25  2:25  Metabolic Boost  
  25  2:28  Drone x3  
  28  3:00  Drone  
  28  3:01  Drone x5  
  28  3:02  Drone x2  
  36  3:05  Extractor  
  35  3:13  Overlord  
  35  3:14  Overlord  
  35  3:53  Roach Warren  
  33  3:56  Queen  
  33  4:02  Drone x6  
  41  4:05  Overlord x2  
  40  4:36  Roach x10  
  60  5:13  Overlord x3  
  60  5:16  Roach x3  
  66  5:32  Roach  
  66  5:33  Roach x10  
  88  5:38  Ravager x2  
  90  5:47  Overlord  
  43  6:55  Ravager  
  43  6:59  Roach  
  43  7:00  Roach x5  
  51  7:23  Overlord x3  
  51  7:27  Hatchery  
  50  7:45  Roach x10  
  70  7:51  Extractor  
  69  8:01  Lair  
  69  8:23  Roach  
  69  8:24  Roach x9  
  69  8:26  Ravager x2  
  91  9:00  Roach  
  91  9:01  Roach x8  
  109  9:05  Overlord x4  
  109  9:06  Overlord  
  109  9:11  Drone  
  109  9:14  Drone  
  109  9:15  Drone x2  
  113  9:23  Drone x4  
  117  9:26  Roach  
  117  9:28  Ravager x3  
  117  9:31  Ravager  
  123  9:43  Ravager  
Show
View Real Time Build Order
Export as new Build Order

Cris Terran - Winner!

Build Orders: Reaper Expand, Mech 

Get SALT Encoding   

  12  0:01  SCV  
  13  0:15  Supply Depot  
  13  0:20  SCV  
  14  0:35  SCV  
  15  0:39  Barracks  
  15  0:43  Refinery  
  15  0:58  SCV  
  16  1:10  SCV  
  17  1:29  Reaper, Supply Depot  
  17  1:31  SCV  
  19  1:37  Refinery  
  19  1:43  SCV  
  20  1:58  Command Center  
  20  2:09  Barracks Reactor  
  20  2:10  SCV  
  21  2:23  Factory  
  21  2:38  SCV  
  22  2:50  SCV  
  22  3:01  Supply Depot  
  22  3:02  SCV  
  22  3:05  Barracks Tech Lab  
  23  3:13  Factory  
  23  3:15  Hellion x2  
  27  3:30  Orbital Command  
  27  3:36  Armory  
  27  3:37  Barracks Reactor  
  27  3:44  Hellion  
  29  3:51  Hellion  
  31  4:06  SCV  
  31  4:08  Starport  
  32  4:11  Hellion  
  34  4:20  Infernal Pre-Igniter  
  34  4:35  Hellion x2  
  38  4:44  SCV  
  38  4:45  Viking  
  41  4:50  Supply Depot  
  41  4:54  Siege Tank  
  44  5:06  Orbital Command  
  44  5:07  SCV  
  44  5:09  Hellion  
  49  5:14  Hellion  
  49  5:24  Starport Reactor  
  49  5:26  Siege Tank  
  52  5:41  SCV  
  53  5:45  Hellion x2  
  57  5:52  SCV  
  57  5:53  SCV  
  59  6:00  Refinery  
  59  6:04  SCV  
  59  6:05  SCV, Supply Depot  
  61  6:28  Supply Depot  
  61  6:38  Hellion x6  
  51  6:53  Siege Tank  
  51  7:01  Hellion x2  
  51  7:11  SCV, Supply Depot  
  52  7:16  Factory  
  54  7:22  Hellion  
  54  7:23  SCV  
  54  7:25  Siege Tank  
  58  7:36  Hellion  
  60  7:38  Viking x2  
  60  7:39  SCV  
  60  7:40  Terran Vehicle Weapons Level 1  
  65  7:48  Armory  
  65  7:51  SCV  
  65  7:53  Engineering Bay  
  65  7:57  Siege Tank  
  69  8:02  SCV  
  69  8:03  SCV  
  71  8:14  Viking x2, SCV  
  71  8:15  Supply Depot  
  71  8:19  Supply Depot  
  76  8:23  Factory Tech Lab  
  76  8:24  Missile Turret  
  76  8:25  Hellion x2  
  80  8:32  Siege Tank  
  83  8:34  SCV  
  83  8:35  SCV  
  85  8:41  Refinery  
  85  8:44  Supply Depot  
  85  8:47  SCV, Hellion x2  
  90  8:51  Supply Depot  
  90  8:58  Viking x2  
  94  9:04  Siege Tank  
  94  9:06  Starport  
  97  9:26  Command Center  
  97  9:41  Hellion  
  97  9:42  Hellion  
Tags
 
Add a new tag
Caveats
  • Supply blocks, unpowered buildings, or Contaminate may cause inaccurate times.
  • Supply counts are checked every 10 seconds.